Map: [ESL] Equilibrium

Players

MaxPax - Winner!

  • Race: Protoss Protoss
  • Spawn Location: 1:00

MaNa

  • Race: Protoss Protoss
  • Spawn Location: 11:00

Event: ESL SC2 Masters 2023 Winter (Regional)

VOD

Have the link to the VOD?

Description

Time

  • Played on: Nov. 10, 2023, 11:12 a.m.
  • Length: 13:20

All games in this series

Show
View Real Time Build Order
Export as new Build Order

MaxPax Protoss - Winner!

Build Orders: Oracle Opening 

Get SALT Encoding   

  12  0:00  Probe  
  13  0:12  Probe  
  14  0:19  Pylon  
  14  0:24  Probe  
  15  0:37  Probe (Chrono Boost)  
  15  0:38  Gateway  
  16  0:46  Probe (Chrono Boost)  
  16  0:47  Assimilator  
  17  0:51  Probe (Chrono Boost)  
  17  0:55  Assimilator  
  18  1:04  Probe (Chrono Boost)  
  19  1:05  Pylon  
  19  1:12  Probe (Chrono Boost)  
  19  1:18  Probe  
  20  1:24  Cybernetics Core  
  21  1:30  Probe  
  22  1:33  Zealot  
  22  1:39  Pylon  
  24  1:42  Probe  
  26  2:01  Adept  
  26  2:04  Stargate  
  26  2:07  Probe  
  28  2:12  Warp Gate  
  28  2:25  Pylon  
  28  2:31  Stalker  
  30  2:41  Nexus  
  30  2:48  Oracle (Chrono Boost)  
  33  2:54  Probe  
  34  3:06  Probe  
  35  3:15  Oracle (Chrono Boost)  
  35  3:18  Probe  
  39  3:24  Gateway  
  38  3:30  Probe  
  39  3:46  Probe  
  37  3:53  Probe  
  37  3:58  Probe  
  37  4:00  Twilight Council  
  37  4:02  Stalker  
  40  4:05  Probe  
  41  4:10  Probe  
  41  4:13  Gateway  
  42  4:17  Probe (Chrono Boost)  
  44  4:26  Probe (Chrono Boost)  
  44  4:28  Blink (Chrono Boost)  
  44  4:29  Probe (Chrono Boost)  
  44  4:31  Shield Battery  
  45  4:37  Probe (Chrono Boost)  
  45  4:38  Probe (Chrono Boost)  
  47  4:43  Probe  
  48  4:46  Probe  
  49  4:55  Probe  
  49  4:59  Probe  
  48  5:01  Gateway  
  48  5:02  Pylon  
  46  5:07  Probe, Stalker x3  
  46  5:13  Pylon  
  53  5:23  Nexus  
  55  5:31  Stalker x2  
  57  5:36  Stalker  
  57  5:39  Probe  
  57  5:40  Probe  
  61  5:55  Probe  
  60  5:57  Stalker  
  60  5:59  Stalker x3  
  60  6:00  Probe  
  65  6:07  Probe  
  66  6:12  Unknown  
  66  6:13  Shield Battery, Pylon  
  66  6:18  Probe  
  67  6:19  Probe  
  67  6:20  Stalker  
  67  6:23  Pylon  
  70  6:31  Stalker x3  
  76  6:33  Probe x2  
  76  6:39  Probe  
  79  6:45  Probe  
  79  6:46  Probe  
  81  6:51  Probe  
  82  6:56  Adept x2  
  82  6:57  Stalker x2, Probe  
  82  6:58  Probe  
  92  7:03  Probe  
  93  7:09  Probe  
  93  7:10  Probe  
  93  7:12  Forge  
  93  7:13  Gateway  
  93  7:15  Gateway, Probe  
  95  7:21  Probe  
  98  7:22  Probe  
  99  7:34  Stalker  
  99  7:35  Pylon  
  98  7:41  Nexus  
  98  7:43  Pylon  
  96  7:52  Protoss Ground Weapons Level 1 (Chrono Boost)  
  96  7:54  Probe  
  96  7:57  Stalker x3  
  100  8:02  Gateway  
  100  8:03  Robotics Facility, Gateway  
  90  8:07  Stalker  
  84  8:15  Charge (Chrono Boost)  
  84  8:19  Gateway  
  76  8:21  Gateway, Stalker, Adept x2  
  76  8:22  Stalker x2  
  76  8:26  Shield Battery, Probe  
  87  8:31  Pylon  
  87  8:40  Pylon  
  83  8:42  Photon Cannon, Stalker x3  
  83  8:47  Stalker x2  
  83  8:48  Stalker  
  95  8:53  Pylon  
  97  8:58  Probe x2  
  97  9:02  Photon Cannon  
  98  9:04  Stalker x2  
  98  9:09  Pylon  
  102  9:11  Probe x2  
  102  9:13  Photon Cannon  
  102  9:15  Observer (Chrono Boost)  
  96  9:17  Stalker x3  
  96  9:18  Stalker x2  
  96  9:19  Pylon  
  96  9:23  Photon Cannon  
  107  9:25  Photon Cannon  
  107  9:27  Probe  
  107  9:28  Probe  
  106  9:33  Probe  
  106  9:34  Probe  
  108  9:39  Probe  
  108  9:40  Warp Prism (Chrono Boost), Probe  
  112  9:48  Protoss Ground Weapons Level 2 (Chrono Boost)  
  112  9:50  Stalker x4  
  120  9:57  Pylon  
  120  10:00  Adept x2  
  120  10:05  Probe x2  
  126  10:07  Stalker x2  
  130  10:17  Pylon  
  130  10:26  Stalker x4  
  138  10:29  Observer (Chrono Boost)  
  138  10:34  Zealot x3, Stalker x2  
  149  10:37  Probe  
  149  10:39  Probe  
  151  10:48  Nexus  
  149  10:50  Pylon  
  149  10:51  Zealot x5  
  159  10:59  Zealot x5  
  163  11:09  Observer (Chrono Boost)  
  151  11:15  Stalker x5  
  149  11:19  Probe  
  149  11:21  Photon Cannon  
  149  11:23  Pylon  
  148  11:30  Stalker x5  
  148  11:31  Probe x2  
  148  11:32  Warp Prism (Chrono Boost)  
  152  11:36  Probe  
  149  11:44  Probe  
  149  11:46  Zealot x4, Photon Cannon  
  153  12:01  Observer  
  153  12:06  Stalker x5  
  153  12:07  Zealot x4, Stalker  
  173  12:09  Probe  
  173  12:10  Assimilator  
  174  12:16  Probe  
  174  12:20  Probe  
  175  12:23  Observer (Chrono Boost)  
  175  12:26  Pylon  
  175  12:29  Zealot x9  
  189  12:40  Zealot  
  189  12:42  Pylon  
  189  12:43  Observer (Chrono Boost)  
  184  12:48  Nexus  
  168  12:52  Zealot x3  
  168  12:53  Zealot x6  
  168  12:54  Probe  
  167  12:59  Probe  
  167  13:00  Observer (Chrono Boost)  
  167  13:02  Probe  
  160  13:06  Dark Shrine  
Show
View Real Time Build Order
Export as new Build Order

MaNa Protoss 

Build Orders:  

Get SALT Encoding   

  12  0:00  Probe  
  13  0:12  Probe  
  14  0:19  Pylon  
  14  0:24  Probe (Chrono Boost)  
  15  0:37  Gateway  
  15  0:38  Probe (Chrono Boost)  
  16  0:46  Probe (Chrono Boost)  
  16  0:47  Assimilator  
  17  0:52  Probe (Chrono Boost)  
  19  1:04  Probe (Chrono Boost)  
  19  1:05  Pylon  
  19  1:13  Probe (Chrono Boost)  
  20  1:18  Probe  
  20  1:25  Zealot, Cybernetics Core  
  23  1:30  Probe  
  24  1:42  Probe  
  25  1:54  Probe  
  25  2:00  Nexus  
  26  2:01  Warp Gate (Chrono Boost)  
  26  2:06  Adept (Chrono Boost)  
  27  2:11  Probe  
  29  2:17  Assimilator  
  29  2:22  Pylon  
  29  2:25  Probe  
  30  2:33  Gateway  
  29  2:40  Stalker  
  31  2:46  Shield Battery  
  31  2:54  Shield Battery  
  31  2:57  Pylon  
  31  3:11  Probe, Stalker  
  31  3:12  Probe  
  35  3:24  Probe x2  
  37  3:36  Probe x2  
  39  3:42  Twilight Council  
  39  3:48  Probe x2  
  37  3:55  Stalker  
  38  3:57  Stalker  
  38  4:00  Probe x2  
  42  4:12  Probe  
  42  4:14  Gateway  
  40  4:19  Blink (Chrono Boost)  
  38  4:24  Probe (Chrono Boost)  
  38  4:25  Stalker x2  
  38  4:28  Probe (Chrono Boost)  
  43  4:36  Probe (Chrono Boost)  
  43  4:38  Probe (Chrono Boost)  
  45  4:41  Probe (Chrono Boost)  
  46  4:46  Probe  
  45  4:55  Stalker  
  45  4:57  Stalker  
  45  4:58  Probe  
  50  5:05  Probe  
  51  5:09  Stalker  
  51  5:11  Pylon  
  53  5:19  Pylon  
  53  5:21  Probe  
  54  5:29  Probe  
  54  5:31  Stalker x2  
  54  5:34  Probe  
  60  5:41  Probe  
  60  5:42  Robotics Facility  
  61  5:46  Probe  
  61  5:47  Stalker  
  56  6:01  Probe x2  
  56  6:02  Nexus  
  56  6:11  Stalker x2  
  59  6:19  Shield Battery  
  59  6:20  Stalker  
  59  6:21  Probe x2  
  63  6:31  Immortal (Chrono Boost)  
  67  6:34  Pylon  
  67  6:41  Stalker  
  67  6:45  Probe  
  70  6:52  Probe  
  70  6:53  Assimilator  
  71  6:56  Unknown  
  71  6:58  Gateway  
  71  7:00  Gateway  
  71  7:04  Observer (Chrono Boost), Probe x2  
  74  7:14  Dark Shrine  
  74  7:17  Adept  
  75  7:25  Pylon  
  75  7:28  Stalker  
  75  7:29  Probe  
  77  7:34  Probe x2  
  77  7:38  Pylon  
  77  7:39  Pylon  
  77  7:50  Stalker x2  
  71  8:05  Stalker  
  71  8:06  Probe x2  
  71  8:11  Probe  
  72  8:22  Probe x2  
  72  8:26  Dark Templar  
  76  8:29  Warp Prism, Probe  
  76  8:33  Gateway  
  79  8:36  Gateway, Forge  
  79  8:39  Dark Templar  
  81  8:44  Probe x2  
  83  9:02  Stalker x4  
  89  9:04  Probe x2  
  89  9:07  Nexus  
  89  9:09  Pylon  
  91  9:13  Probe  
  91  9:14  Observer  
  91  9:16  Protoss Ground Weapons Level 1 (Chrono Boost)  
  92  9:22  Pylon  
  92  9:28  Probe  
  93  9:32  Probe  
  93  9:33  Stalker x3  
  100  9:40  Photon Cannon  
  100  9:43  Gateway, Stalker  
  100  9:44  Stalker x3  
  108  9:46  Gateway  
  108  9:53  Observer (Chrono Boost)  
  108  9:56  Pylon  
  108  9:57  Pylon x2  
  109  10:00  Shield Battery  
  109  10:06  Photon Cannon  
  109  10:08  Photon Cannon  
  109  10:11  Pylon  
  109  10:18  Stalker  
  109  10:19  Stalker x3  
  117  10:30  Stalker x3  
  122  10:41  Stalker x3  
  126  10:49  Cybernetics Core  
  120  10:55  Stalker x5  
  128  11:10  Dark Templar x4, Observer  
  116  11:19  Probe  
  116  11:20  Probe x2  
  119  11:29  Stalker x4  
  125  11:38  Probe x2  
  125  11:41  Probe x2  
  127  11:47  Stalker x3  
  127  11:48  Observer, Stalker  
  127  11:50  Assimilator, Probe  
  124  12:05  Stalker  
  124  12:06  Stalker x3  
  124  12:08  Immortal (Chrono Boost)  
  134  12:20  Forge  
  130  12:27  Nexus  
  130  12:28  Zealot x4, Pylon  
  134  12:30  Dark Templar  
  134  12:37  Dark Templar  
  134  12:38  Stalker x2  
  128  12:49  Dark Templar x2  
  111  12:52  Stalker  
  111  12:54  Probe x2  
  111  12:55  Probe  
  111  12:56  Stalker  
  83  12:58  Probe  
  68  13:06  Probe  
Tags
 
Add a new tag
Caveats
  • Supply blocks, unpowered buildings, or Contaminate may cause inaccurate times.
  • Supply counts are checked every 10 seconds.